 Dungeon Crawl Stone Soup version 0.27-a0-1312-g5cdb2b3542 (webtiles) character file.

Game seed: 14181132140916549877

23 Zonian the Conjurer (level 2, -1/15 HPs)
             Began as a Tengu Conjurer on June 19, 2021.
             Slain by a jackal (3 damage)
             ... on level 1 of the Dungeon.
             The game lasted 00:01:36 (912 turns).

Zonian the Conjurer (Tengu Conjurer)                 Turns: 912, Time: 00:01:36

Health: -1/15      AC:  2    Str:  7    XL:     2   Next: 95%
Magic:  2/6        EV: 12    Int: 18    God:
Gold:   36         SH:  0    Dex: 12    Spells: 4/5 levels left

rFire    . . .     SeeInvis .   (no weapon)
rCold    . . .     Faith    .   (no shield)
rNeg     . . .     Spirit   .   a - +0 robe
rPois    .         Reflect  .   (helmet restricted)
rElec    .         Harm     .   (no cloak)
rCorr    .         Rampage  .   (no gloves)
Will     .....                  (boots unavailable)
Stlth    ++........             (no amulet)
HPRegen  0.05/turn              (no ring)
MPRegen  0.10/turn              (no ring)

@: no status effects
A: beak, talons 3
a: no special abilities


You were on level 1 of the Dungeon.
You visited 1 branch of the dungeon, and saw 1 of its levels.

You collected 36 gold pieces.

Inventory:

Hand Weapons
 b - a +0 short sword
Armour
 a - a +0 robe (worn)


   Skills:
 + Level 2.3 Dodging
 + Level 2.0 Stealth
 + Level 2.2 Spellcasting
 + Level 6.1 Conjurations


You had 4 spell levels left.
You knew the following spells:

 Your Spells              Type           Power      Damage    Failure   Level
a - Magic Dart            Conj           96%        1d7       1%          1

Your spell library contained the following spells:

 Spells                   Type           Power      Damage    Failure   Level
 Searing Ray              Conj           48%        3d5       2%          2
 Dazzling Flash           Conj/Hex       26%        N/A       16%         3
 Fulminant Prism          Conj/Hex       6%         3d7       45%         4
 Iskenderun's Mystic Bla  Conj/Tloc      13%        2d5       45%         4


Dungeon Overview and Level Annotations

Branches:
Dungeon (1/15)

Altars:


Innate Abilities, Weirdness & Mutations

You have a beak for a mouth.
You have claws for feet.


Message History

The jackal is heavily wounded.
The jackal barely misses you.
The magic dart hits the jackal but does no damage.
The jackal is heavily wounded.
The jackal misses you.
The jackal bites you but does no damage.
The magic dart hits the jackal.
The jackal is almost dead.
The jackal bites you but does no damage.
You are too depleted to draw on your mana recklessly!
Unknown command.
The jackal bites you. The jackal misses you. The jackal bites you.
The jackal bites you. The jackal misses you. The jackal closely misses you.
You are too injured to fight recklessly!
You are too injured to fight recklessly!
Sorry, you're not good enough to have a special ability.
Unknown command.
Casting: Magic Dart (safe; 1% risk of failure)
Confirm with . or Enter, or press ? or * to list all spells.
Aiming: Magic Dart (safe; 1% risk of failure)
Press: ? - help, Shift-Dir - straight line, f/p - jackal
Aim: a jackal (almost dead, 100% to hit)
The magic dart hits the jackal.
You kill the jackal!
The jackal closely misses you.
Unknown command.
The jackal bites you. The jackal completely misses you. The jackal misses you.
The jackal bites you.
* * * LOW HITPOINT WARNING * * *
You open the door. The jackal bites you.
* * * LOW HITPOINT WARNING * * *
There is an open door here.
The jackal bites you.
You die...

#.....#.#.#.#######'####....##'##
#.....#.#.#.......#'####....##.#
#.....#.#.#######...........##.#
#.....#.# ................####.#
#....r#.# ######...........# #.##
......# #.........#.# #...
......#######+##.........#..##..#
...##..........#.....)...##.##...
...##.........rh@.........#.##...
...##..........#..........#.##...
...##..........#..........#.##...
...##..........####.......#.##...
...##..........# #.......#.)....
...##..........# #.............#
#####..........# #..............
.........# #.........#....
....#..##


You could see a jackal and a rat.

Vanquished Creatures
  3 endoplasms (D:1)
  2 goblins (D:1)
  3 hobgoblins (D:1)
  3 jackals (D:1)
  3 ball pythons (D:1)
  2 bats (D:1)
  A frilled lizard (D:1)
  2 kobolds (D:1)
  2 rats (D:1)
21 creatures vanquished.

Notes
Turn   | Place    | Note
-------+----------+-------------------------------------------
     0 | D:1      | Zonian the Tengu Conjurer began the quest for the Orb.
     0 | D:1      | Reached XP level 1. HP: 10/10 MP: 4/4
   200 | D:1      | Reached XP level 2. HP: 15/15 MP: 1/6
   364 | D:1      | Reached skill level 6 in Conjurations
   912 | D:1      | Slain by a jackal

Illustrated notes

Levels and vault maps discovered:
D:1:      amcnicky_arrival_wind_blow, layout_basic, serial_shops,
          nicolae_diamond_shop, corner_web_ring

Skill      XL: |  1  2 |
---------------+-------+-----
Conjurations   | 6 |  6.1
Dodging        | |  2.3
Stealth        | |  2.0
Spellcasting   | |  2.2

Action                   || total
-------------------------++-------
 Cast: Magic Dart        ||    52
Armor: Robe              ||     7
Dodge: Dodged            ||    33

Table legend: (Time is in decaauts)
 A = Elapsed time spent in this place.
 B = Non-inter-level travel time spent in this place.
 C = Inter-level travel time spent in this place.
 D = Time resting spent in this place.
 E = Time spent auto-exploring this place.
 F = Levels seen in this place.
 G = Mean time per level.
                   A        B        C        D        E       F      G
               +--------+--------+--------+--------+--------+-----+--------+
         Total |    912 |    912 |      0 |    306 |    402 |   1 |  912.0 |
       Dungeon |    912 |    912 |      0 |    306 |    402 |   1 |  912.0 |
               +--------+--------+--------+--------+--------+-----+--------+

Top non-repeatable levels by time:
     D:1: 912 daAuts
